 Dungeon Crawl Stone Soup version 0.31-a0-981-geadf994542 (webtiles) character file.

Game seed: 1297016215786060209

4537 mopl the Martial Artist (level 10, -3/66 HPs)
             Began as an Octopode Shapeshifter on Oct 31, 2023.
             Was a Follower of Uskayaw.
             Slain by Erica
             ... wielding a +2 scimitar of flaming
              (4 damage)
             ... on level 9 of the Dungeon on Nov 1, 2023.
             The game lasted 00:11:14 (6614 turns).

mopl the Martial Artist (Octopode Shapeshifter)     Turns: 6614, Time: 00:11:15

Health: -3/66      AC: 10    Str: 20    XL:     10   Next: 40%
Magic:  11/11      EV: 20    Int: 16    God:    Uskayaw [*.....]
Gold:   725        SH:  5    Dex: 15    Spells: 9/9 levels left

rFire   . . .        l - +11 whip of Hitecko {protect, rN+ Int+3 Stlth+}
rCold   . . .        I - +0 buckler
rNeg    + . .        (helmet currently unavailable)
rPois   .            C - amulet of faith {!P}
rElec   .            j - +5 ring of evasion
rCorr   .            J - +6 ring of strength
SInv    .            (no ring)
Will    .....        (no ring)
Stlth   +++          (no ring)
HPRegen 0.31/turn    (no ring)
MPRegen 0.12/turn    (no ring)
                     (no ring)

%: faith
@: beast-form, under a protective aura
A: beast (slay +4), almost no armour, amphibious, 8 rings, camouflage 1,
gelatinous body 1, (nimble swimmer 1), tentacles, antennae 1, iridescent scales
1
a: Begin Untransformation, Renounce Religion, Stomp


You were on level 9 of the Dungeon.
You worshipped Uskayaw.
Uskayaw was noncommittal.
You were a hulking beast.
You visited 2 branches of the dungeon, and saw 10 of its levels.
You also visited: Sewer.

You collected 809 gold pieces.
You spent 84 gold pieces at shops.

Inventory:

Hand Weapons
 l - the +11 whip of Hitecko (weapon) {protect, rN+ Int+3 Stlth+}
   (You found it on level 2 of the Dungeon)

   Int+3:     It affects your intelligence (+3).
   rN+:       It protects you from negative energy.
   Stlth+:    It makes you more stealthy.
 z - the +9 war axe of the Writhing Gods {flame, Str+2}
   (You found it on level 6 of the Dungeon)

   Str+2:     It affects your strength (+2).
Missiles
 i - 31 poisoned darts (quivered)
 p - 7 boomerangs
 t - 3 atropa-tipped darts
 H - 3 curare-tipped darts
Armour
 I - a +0 buckler (worn)
Jewellery
 j - a +5 ring of evasion (left tentacle)
 C - an amulet of faith (around mantle) {!P}
 J - a +6 ring of strength (right tentacle)
 L - a ring of ice
Talismans
 b - a beast talisman
 c - a flux talisman
Wands
 m - a wand of flame (24)
 v - a wand of iceblast (22)
Scrolls
 h - 5 scrolls of identify
 k - 5 scrolls of teleportation {unknown}
 n - a scroll of immolation {unknown}
 q - a scroll of revelation {unknown}
 r - a scroll of vulnerability {unknown}
 w - 4 scrolls of fog {unknown}
 x - a scroll of enchant weapon {unknown}
 y - a scroll of acquirement {unknown}
 D - a scroll of enchant armour {unknown}
 E - a scroll of torment {unknown}
 G - a scroll of brand weapon {unknown}
 K - 2 scrolls of fear
Potions
 a - a potion of lignification {!q}
 d - a potion of cancellation
 e - a potion of mutation {!q}
 f - a potion of ambrosia
 g - a potion of magic
 o - 2 potions of curing
 s - a potion of might
 u - a potion of haste
 A - 3 potions of heal wounds
 F - a potion of invisibility
Miscellaneous
 B - a lightning rod (4/4)


   Skills:
 + Level 5.4 Fighting
 + Level 5.0 Throwing
 + Level 5.6 Dodging
 + Level 2.4 Shields
 * Level 8.1 Unarmed Combat
 + Level 2.6 Invocations
 + Level 3.0 Evocations
 * Level 7.4 Shapeshifting


You had 9 spell levels left.
You didn't know any spells.
Your spell library contained the following spells:

 Spells                   Type           Power      Damage    Failure   Level
 Freeze                   Ice            0%         1d3       30%         1
 Magic Dart               Conj           0%         1d3       30%         1
 Sandblast                Erth           0%         2d4       30%         1
 Ensorcelled Hibernation  Hex/Ice        0%         N/A       43%         2
 Passwall                 Tmut/Erth      0%         N/A       43%         2
 Searing Ray              Conj           0%         2d4       43%         2
 Call Canine Familiar     Summ           0%         N/A       67%         3
 Frozen Ramparts          Ice            0%         1d1       67%         3
 Hailstorm                Conj/Ice       0%         3d3       67%         3
 Sigil of Binding         Hex            0%         N/A       67%         3
 Stone Arrow              Conj/Erth      0%         3d7       67%         3
 Swiftness                Air            0%         N/A       67%         3
 Brom's Barrelling Bould  Conj/Erth      0%         2d3       97%         4
 Dimensional Bullseye     Hex/Tloc       0%         N/A       97%         4
 Fulminant Prism          Conj/Hex       0%         3d5       97%         4
 Leda's Liquefaction      Hex/Erth       0%         N/A       97%         4


Dungeon Overview and Level Annotations

Branches:
Dungeon (9/15)             Temple (1/1) D:6           Sewer (visited)
   Lair: D:8-11         Orc: D:9-12

Altars:
Ashenzari
Cheibriados
Dithmenos
Elyvilon
Fedhas
Gozag
Hepliaklqana
Kikubaaqudgha
Makhleb
Nemelex Xobeh
Okawaru
Qazlal
Ru
Sif Muna
Trog
Uskayaw
Vehumet
Wu Jian
Xom
Yredelemnul
Zin
The Shining One

Shops:
D:1 [   D:4 (   D:7 :   D:9 *!:*

Annotations:
D:8 3 runed translucent doors, Torious's ghost, novice DECj
D:9 Erica; Erolcha


Innate Abilities, Weirdness & Mutations

You are a hulking beast.
Your limbs bulge with bestial killing power. (Slay +4)
You cannot wear most types of armour.
You are amphibious.
You can wear up to eight rings at the same time.
Your skin changes colour to match your surroundings (Stealth+).
Your rubbery body absorbs attacks. (AC +1, EV +1)
((You are camouflaged when in or above water. (Stealth+)))
You have tentacles for arms and can constrict up to eight enemies at once.
You have a pair of small antennae on your head.
You are partially covered in iridescent scales. (AC +2)


Message History

You kill the orc wizard!
No target in view!
You now have 715 gold pieces (gained 16).
You now have 725 gold pieces (gained 10).
Found 6 stones.
L - a ring of ice
Okay, then.
Erica the Fiery-Tempered comes into view.
She is wielding a +2 scimitar of flaming.
Found Oprosh's Assorted Antiques.
Erica shouts!
Erica casts a spell.
Erica flickers and vanishes!
Deactivating autopickup; reactivate with Ctrl-A.
There is an entrance to Oprosh's Assorted Antiques here.
No target in view!
No target in view!
Erolcha the Cunning comes into view.
She is wielding a +0 giant club and wearing a +0 robe of willpower.
Something closely misses you.
You miss something. Your squeeze misses something.
You hear some strange, mumbled words.
A lance of force appears from out of thin air!
The lance of force misses you. Something hits you! Something burns you.
You hit something but do no damage.
Your weapon exudes an aura of protection.
Something hits you. Something burns you.
Unknown command.
You closely miss something.
Your tentacle-slap misses something.
Your squeeze misses something.
Erolcha shouts!
Something hits you! Something burns you!
Unknown command.
You hit something. Your squeeze misses something. Something hits you.
* * * LOW HITPOINT WARNING * * *
Something burns you.
* * * LOW HITPOINT WARNING * * *
Unknown command.
You whack something! You squeeze something. Something hits you!
* * * LOW HITPOINT WARNING * * *
Something burns you.
You die...

.# . #.#. .# #### #.#.
.#. ....# #.#.#.#. .#.#
#...# #O#.#.#.#.#.#.
#....# #.#.#.#.#.#.#.#
#...#.#.#.#.#.#.#.#.#.
#...{#.#.#.#.#.#.#.#.#
#h#.#.#.#.#.#.#.#.
+#...#.#.#.#)#.#.#
#.#∩#.#.#.#.#.#.#.
#.#.#.#.#.#.#.#.#.#
..#.#.#.#.#.#.#.#)#.
..#.#.#.#.#.#.#.#.#.#
.....#.#.#.#.#.#.#.#.#.
#
....#.#.#.#.#.#.#.#.#.#
.
####.#.#.#.#.#.#.#.#.#.


You could see Erolcha.

Vanquished Creatures
  Maggie (D:8)
  A hornet (D:7)
  Grinder (D:5)
  Sigmund (D:2)
  Menkaure (D:7)
  4 orc warriors
  2 ice beasts
  A black bear (D:8)
  2 centaurs
  2 ogres (D:6)
  4 phantoms
  A kobold brigand (D:8)
  4 bullfrogs
  3 scorpions
  2 howler monkeys (D:7)
  2 jellies
  9 crimson imps (D:8)
  4 hounds
  3 iron imps (D:3)
  9 orc priests
  Terence (D:3)
  A sleepcap (D:6)
  5 iguanas
  11 orc wizards
  Robin (D:2)
  4 gnolls (D:3)
  11 adders
  2 shadow imps (D:6)
  3 white imps
  2 ufetubi (D:4)
  3 dart slugs
  44 orcs
  16 ball pythons
  10 endoplasms
  18 giant cockroaches
  12 goblins
  18 hobgoblins
  15 jackals
  10 quokkas
  3 bats
  7 frilled lizards
  17 kobolds
  4 rats
275 creatures vanquished.

Vanquished Creatures (others)
  An arcanist (D:4)
  A sky beast (D:7)
  An orc (D:5)
3 creatures vanquished.

Grand Total: 278 creatures vanquished

Notes
Turn   | Place    | Note
-------+----------+-------------------------------------------
     0 | D:1      | mopl the Octopode Shapeshifter began the quest for the Orb.
     0 | D:1      | Reached XP level 1. HP: 13/13 MP: 1/1
     2 | D:1      | Noticed a formicid
     4 | D:1      | Noticed a draconian
     4 | D:1      | Noticed a ghoul
     6 | D:1      | Noticed a naga
     8 | D:1      | Noticed a vampire
     8 | D:1      | Noticed a merfolk
    10 | D:1      | Noticed a demigod
    10 | D:1      | Noticed a troll
    12 | D:1      | Noticed a spriggan
    12 | D:1      | Noticed an armataur
    14 | D:1      | Noticed a gargoyle
    14 | D:1      | Noticed a demonspawn
    16 | D:1      | Noticed a tengu
    16 | D:1      | Noticed an elf
    18 | D:1      | Noticed a felid
    18 | D:1      | Noticed an ogre
    20 | D:1      | Noticed a vine stalker
    22 | D:1      | Noticed a meteoran
    22 | D:1      | Noticed a human
    24 | D:1      | Noticed a minotaur
    26 | D:1      | Noticed a demonspawn
    82 | D:1      | Reached XP level 2. HP: 18/18 MP: 2/2
   405 | D:1      | Found Fagyoff's Antique Armour Shop.
   579 | D:1      | Reached XP level 3. HP: 23/23 MP: 3/3
   944 | D:2      | Identified the +11 whip of Hitecko {protect, rN+ Int+3
                  | Stlth+}
  1010 | D:2      | Noticed a phantom
  1020 | D:2      | Killed a phantom
  1021 | D:2      | Reached skill level 2 in Fighting
  1021 | D:2      | Reached skill level 1 in Throwing
  1021 | D:2      | Reached XP level 4. HP: 29/29 MP: 4/4
  1021 | D:2      | Reached XP level 5. HP: 34/34 MP: 5/5
  1097 | D:2      | Noticed Sigmund
  1099 | D:2      | Killed Sigmund
  1100 | D:2      | Reached skill level 3 in Dodging
  1100 | D:2      | Reached skill level 4 in Unarmed Combat
  1100 | D:2      | Reached skill level 4 in Shapeshifting
  1100 | D:2      | Reached XP level 6. HP: 41/41 MP: 6/6
  1215 | D:2      | Noticed Robin
  1228 | D:2      | Killed Robin
  1643 | D:3      | Noticed Terence
  1648 | D:3      | Killed Terence
  1649 | D:3      | Reached skill level 2 in Throwing
  2034 | D:3      | Reached XP level 7. HP: 45/45 MP: 7/7
  2056 | D:3      | Found a burning altar of Makhleb.
  2176 | D:4      | Found a bloodstained altar of Trog.
  2184 | D:4      | Noticed an arcanist
  2187 | D:4      | Killed an arcanist
  2242 | D:4      | Reached skill level 5 in Unarmed Combat
  2263 | D:4      | Reached skill level 3 in Fighting
  2549 | D:4      | Found Vycsiov's Antique Weapon Boutique.
  2554 | D:4      | Reached skill level 5 in Shapeshifting
  2802 | D:5      | Entered Level 5 of the Dungeon
  2940 | D:5      | Reached XP level 8. HP: 38/52 MP: 8/8
  3110 | D:5      | Reached skill level 3 in Throwing
  3179 | D:5      | Reached skill level 4 in Dodging
  3215 | D:5      | Reached skill level 6 in Unarmed Combat
  3354 | D:5      | Reached skill level 4 in Fighting
  3544 | D:5      | Noticed Grinder
  3550 | D:5      | Killed Grinder
  3551 | D:5      | Reached skill level 6 in Shapeshifting
  3686 | D:5      | Reached XP level 9. HP: 45/59 MP: 9/9
  3836 | D:6      | Reached skill level 4 in Throwing
  3846 | D:6      | Identified the +9 war axe of the Writhing Gods {flame,
                  | Str+2}
  3872 | D:6      | Found a glowing drain.
  3890 | Sewer    | Entered a sewer
  4174 | D:6      | Reached skill level 7 in Unarmed Combat
  4285 | D:6      | Reached skill level 1 in Evocations
  4419 | D:6      | Found a staircase to the Ecumenical Temple.
  4428 | Temple   | Entered the Ecumenical Temple
  4445 | Temple   | Became a worshipper of Uskayaw the Reveller
  4474 | D:6      | Reached * piety under Uskayaw
  4477 | D:6      | Reached ** piety under Uskayaw
  4478 | D:6      | Reached skill level 5 in Dodging
  4624 | D:7      | Noticed Menkaure
  4628 | D:7      | Killed Menkaure
  4678 | D:7      | Reached *** piety under Uskayaw
  4705 | D:7      | Reached **** piety under Uskayaw
  4708 | D:7      | Reached skill level 1 in Invocations
  4718 | D:7      | Reached skill level 1 in Shields
  4741 | D:7      | Noticed a hornet
  4752 | D:7      | Killed a hornet
  4753 | D:7      | Reached skill level 5 in Fighting
  4753 | D:7      | Reached skill level 2 in Evocations
  4753 | D:7      | Reached skill level 7 in Shapeshifting
  4755 | D:7      | Gained mutation: You are partially covered in iridescent
                  | scales. (AC +2) [potion of mutation]
  4755 | D:7      | Gained mutation: You have a pair of small antennae on your
                  | head. [potion of mutation]
  4933 | D:7      | Found Fampyi's Book Shop.
  5099 | D:7      | Reached XP level 10. HP: 66/66 MP: 11/11
  5573 | D:8      | Noticed Maggie
  5576 | D:8      | Reached skill level 2 in Invocations
  5578 | D:8      | Reached ***** piety under Uskayaw
  5581 | D:8      | Killed Maggie
  5670 | D:8      | Reached skill level 2 in Shields
  5777 | D:8      | Reached ****** piety under Uskayaw
  5780 | D:8      | Reached skill level 8 in Unarmed Combat
  5786 | D:8      | Reached skill level 5 in Throwing
  5828 | D:8      | Found a runed translucent gate.
  5829 | D:8      | Found a runed translucent gate.
  5830 | D:8      | Found a runed translucent gate.
  5831 | D:8      | Noticed a nine-headed hydra
  5831 | D:8      | Noticed Torious's ghost (novice DECj)
  6272 | D:9      | Found Saloik's General Store.
  6272 | D:9      | Found Kibahaopn's Distillery.
  6272 | D:9      | Found Zodufece's Book Emporium.
  6274 | D:9      | Bought a scroll of fear for 48 gold pieces
  6274 | D:9      | Bought a potion of curing for 36 gold pieces
  6347 | D:9      | Reached skill level 3 in Evocations
  6606 | D:9      | Found Oprosh's Assorted Antiques.
  6606 | D:9      | Noticed Erica
  6609 | D:9      | Noticed Erolcha
  6614 | D:9      | HP: 1/66 [something (15)]
  6614 | D:9      | Slain by Erica

Illustrated notes

Levels and vault maps discovered:
D:1:      kb_arrival_jail, layout_loops_corners, serial_shops, shop_fountains,
          minmay_misc_feat_cross
D:2:      layout_loops_ring, roderic_serpentine_path, uniq_robin, uniq_sigmund
D:3:      layout_basic, demons_altar, uniq_terence
D:4:      layout_basic, trog_wizard, serial_shops, shop
D:5:      layout_cave_pods, chequers_hall_statues_y, corexii_corridor_pit,
          uniq_grinder
D:6:      layout_rooms, minmay_temple_entry_junction_2, gup_sewer_entry_pipe
D:7:      layout_loops_corners, serial_shops, nicolae_shop_window_shopping,
          uniq_menkaure
D:8:      layout_loops_ring, gammafunk_ghost_hydra_chop, minmay_nine_imps,
          uniq_maggie
D:9:      layout_basic, serial_shops, shop, nicolae_shop_distant_corner_stores,
          uniq_grum, uniq_erolcha, uniq_erica
Temple:   nicolae_temple_bog_church

Skill      XL: |  1  2  3  4  5  6  7  8  9 10 |
---------------+-------------------------------+-----
Fighting       | 2 3 4 5 |  5.4
Throwing       | 1 2 3 4 5 |  5.0
Dodging        | 3 4 5 |  5.6
Unarmed Combat | 4 5 6 7 8 |  8.1
Shapeshifting  | 4 5 6 7 |  7.4
Evocations     | 2 3 |  3.0
Invocations    | 1 2 |  2.6
Shields        | 1 2 |  2.4

Action                     |  1- 3 |  4- 6 |  7- 9 | 10-12 || total
---------------------------+-------+-------+-------+-------++-------
  Melee: Unarmed           |    56 |       |       |       ||    56
         Constrict         |    12 |    16 |    59 |    26 ||   113
         Tentacles         |     7 |    14 |    53 |    20 ||    94
         Punch             |     2 |     3 |    13 |     6 ||    24
         Whip              |    12 |    73 |   252 |    91 ||   428
  Throw: Dart              |       |       |     1 |       ||     1
    Use: Scroll            |       |       |     7 |       ||     7
         Potion            |       |       |     3 |       ||     3
   Stab: Sleeping          |    11 |    13 |    23 |     4 ||    51
         Distracted        |       |     1 |       |       ||     1
         Paralysed         |       |       |     4 |     8 ||    12
 Armour: Skin              |    20 |    15 |    96 |    41 ||   172
  Dodge: Dodged            |    36 |    41 |   216 |    66 ||   359
  Block: Buckler           |       |       |     8 |    10 ||    18

Table legend: (Time is in decaauts)
 A = Elapsed time spent in this place.
 B = Non-inter-level travel time spent in this place.
 C = Inter-level travel time spent in this place.
 D = Time resting spent in this place.
 E = Time spent auto-exploring this place.
 F = Levels seen in this place.
 G = Mean time per level.
                   A        B        C        D        E       F      G
               +--------+--------+--------+--------+--------+-----+--------+
         Total |   6658 |   6378 |    280 |    471 |   4408 |  11 |  605.3 |
       Dungeon |   6355 |   6108 |    247 |    471 |   4308 |   9 |  706.1 |
        Temple |     34 |      1 |     33 |      0 |      0 |   1 |   34.0 |
         Sewer |    268 |    268 |      0 |      0 |    100 |   1 |  268.0 |
               +--------+--------+--------+--------+--------+-----+--------+

Top non-repeatable levels by time:
     D:5: 964 daAuts
     D:7: 939 daAuts
     D:1: 841 daAuts
     D:2: 748 daAuts
     D:8: 739 daAuts
     D:4: 702 daAuts
     D:3: 579 daAuts
     D:6: 506 daAuts
     D:9: 334 daAuts
   Sewer: 268 daAuts
  Temple: 34 daAuts
